 Dungeon Sprint DCSS version 0.16.2-12-gd0ad4c3 (webtiles) character file.

484 Ponchio the Thaumaturge (level 6, -4/32 HPs)
             Began as a Deep Elf Fire Elementalist on Sept 22, 2015.
             Was an Initiate of Vehumet.
             Slain by a draconian
             ... wielding a +0 whip
              (9 damage)
             ... in the Dungeon (Sprint V: "Ziggurat Sprint").
             The game lasted 00:05:23 (181 turns).

Ponchio the Thaumaturge (Deep Elf Fire Elementalist) Turns: 181, Time: 00:05:23

Health: -4/32      AC:  2    Str:  5    XL:     6   Next: 88%
Magic:  20/34      EV: 14    Int: 28    God:    Vehumet [......]
Gold:   0          SH:  0    Dex: 27    Spells: 2 memorised, 23 levels left

rFire  . . .     SeeInvis .     J - +6 Majin-Bo {vamp, Archmagi MP+6 Int+6}
rCold  . . .     Clarity  .     a - +0 robe
rNeg   . . .     SustAb   .     (no shield)
rPois  .         Gourm    .     (no helmet)
rElec  .         Spirit   .     (no cloak)
rCorr  .         Warding  .     (no gloves)
rMut   .         NoTele   +     (no boots)
MR     .....                    (no amulet)
Stlth  +++.......               A - +6 ring of dexterity
                                y - +6 ring of dexterity

@: very slightly contaminated, hasted, very quick, not resistant to hostile
enchantments, fairly stealthy
A: no striking features
a: Renounce Religion


You were in the Dungeon.
You worshipped Vehumet.
Vehumet was noncommittal.
You were hungry.

You visited 1 branch

Inventory:

Hand weapons
 J - the +6 Majin-Bo (weapon) {vamp, Archmagi MP+6 Int+6}
   (You found it in the Dungeon)

   It inflicts no extra harm, but heals its wielder somewhat when it strikes a
   living foe.
   It affects your intelligence (+6).
   It affects your magic capacity (+6).
Armour
 a - a +0 robe (worn)
Jewellery
 y - a +6 ring of dexterity (left hand)
 A - a +6 ring of dexterity (right hand)
 B - a +6 ring of intelligence
 C - a +6 ring of intelligence
 D - a +6 ring of strength
 E - a +6 ring of strength
Magical devices
 F - a wand of disintegration (4)
 G - a wand of fire (5)
 H - a wand of cold (4)
 I - a wand of draining (3)
Scrolls
 i - 3 scrolls of blinking
 q - 4 scrolls of amnesia
 r - 3 scrolls of recharging
 s - 7 scrolls of fog
 t - a scroll of holy word
 u - 5 scrolls of identify
 v - 5 scrolls of remove curse
 w - 2 scrolls of fear
Potions
 d - 10 potions of curing
 e - 9 potions of heal wounds
 f - 5 potions of haste
 g - 7 potions of magic
 h - 3 potions of berserk rage
 j - 2 potions of brilliance
 k - 2 potions of invisibility
 l - 2 potions of restore abilities
 m - 4 potions of resistance
 o - 5 potions of agility
 p - 5 potions of might
Books
 b - a book of Flames

   Spells                             Type                      Level
   a - Flame Tongue                   Conjuration/Fire             1
   b - Throw Flame                    Conjuration/Fire             2
   c - Conjure Flame                  Conjuration/Fire             3
   d - Inner Flame                    Hexes/Fire                   3
   e - Sticky Flame                   Conjuration/Fire             4
   f - Fireball                       Conjuration/Fire             5
Comestibles
 c - 5 bread rations
 x - 40 fruits
 z - 4 meat rations


   Skills:
 + Level 2.4 Dodging
 - Level 2.4 Stealth
 + Level 12.2 Spellcasting
 + Level 10.2 Conjurations
 - Level 3.2 Fire Magic
 + Level 8.8 Evocations


You had 23 spell levels left.
You knew the following spells:

 Your Spells              Type           Power        Failure   Level  Hunger
a - Flame Tongue          Conj/Fire      #####        1%          1    None
b - Fireball              Conj/Fire      ######....   8%          5    ##.....


Dungeon Overview and Level Annotations

Branches:
Dungeon (1/1)

Altars:
Ashenzari
Cheibriados
Dithmenos
Elyvilon
Fedhas
Gozag
Kikubaaqudgha
Makhleb
Nemelex Xobeh
Okawaru
Qazlal
Ru
Sif Muna
Trog
Vehumet
Xom
Yredelemnul
Zin
The Shining One
Beogh
Jiyva
Lugonu


Message History

The draconian is severely wounded.
The fireball engulfs the draconian.
The draconian is heavily wounded.
Drink which item? (? for menu, Esc to quit)
You feel much better. The draconian hits you!
The draconian hits you with a whip!
Evoke which item? (* to show all) (? for menu, Esc to quit)
Zapping:
F - a wand of disintegration (6)
Press: ? - help, Shift-Dir - straight line, f - draconian
Aim: a draconian, wielding a whip (severely wounded, chance 90%)
The draconian is blasted.
This wand has 5 charges left.
Evoke which item? (* to show all) (? for menu, Esc to quit)
Zapping:
F - a wand of disintegration (5)
Press: ? - help, Shift-Dir - straight line, f/p - draconian
Aim: a draconian, wielding a whip (almost dead, chance 90%)
The draconian barely resists.
This wand has 4 charges left.
The draconian hits you!
* * * LOW HITPOINT WARNING * * *
The draconian hits you with a whip!
You die...

▓▓▓▓▓▓▓▓▓▓▓▓▓
▓.8©8.▓.8©8.▓
▓.}[}.▓.....▓
▓.....▓.).|.▓
▓@d...▓.....▓
▓dd...▓..)..▓
▓.....▓.....▓
▓..§..▓▓▓▓▓▓▓
▓▓▓▓▓▓▓


You could see a red draconian and 2 draconians.

Vanquished Creatures
  A deep elf summoner (D)
  A fungus (D)
2 creatures vanquished.

Notes
Turn   | Place    | Note
--------------------------------------------------------------
     0 | D        | Ponchio, the Deep Elf Fire Elementalist, began the quest for the Orb.
     0 | D        | Reached XP level 1. HP: 10/10 MP: 5/5
     0 | D        | Found a viscous altar of Jiyva.
     0 | D        | Found a corrupted altar of Lugonu.
     0 | D        | Found a white marble altar of Elyvilon.
     1 | D        | Found a burning altar of Makhleb.
     1 | D        | Found an iron altar of Okawaru.
     3 | D        | Found a sparkling altar of Nemelex Xobeh.
     3 | D        | Found a basalt altar of Yredelemnul.
     3 | D        | Found a deep blue altar of Sif Muna.
     3 | D        | Found a radiant altar of Vehumet.
     7 | D        | Found a bloodstained altar of Trog.
     7 | D        | Found a shimmering altar of Xom.
    34 | D        | Became a worshipper of Vehumet
    46 | D        | Reached skill level 8 in Evocations
    46 | D        | Reached XP level 2. HP: 15/15 MP: 6/8
    97 | D        | Entered arena 1.
    97 | D        | Noticed a deep elf summoner
   101 | D        | Killed a deep elf summoner
   101 | D        | Reached skill level 12 in Spellcasting
   101 | D        | Reached skill level 10 in Conjurations
   101 | D        | Reached XP level 3. HP: 19/19 MP: 15/22
   101 | D        | Reached XP level 4. HP: 24/24 MP: 16/24
   101 | D        | Reached XP level 5. HP: 28/28 MP: 17/26
   101 | D        | Reached XP level 6. HP: 32/32 MP: 18/28
   172 | D        | Learned a level 5 spell: Fireball
   173 | D        | Entered arena 2.
   173 | D        | Noticed a red draconian
   173 | D        | Noticed a draconian
   173 | D        | Noticed a draconian
   181 | D        | Slain by a draconian

Action                   |  1- 3 |  4- 6 || total
-------------------------+-------+-------++-------
Melee: Quarterstaff      |       |     6 ||     6
 Cast: Fireball          |       |     2 ||     2
Evoke: Wand              |     3 |     3 ||     6
  Use: Potion            |     1 |     2 ||     3
       Scroll            |       |     1 ||     1
  Eat: Fruit             |     2 |       ||     2
